AoeStats
← 玉面狐狸

Black Forest

509569296Analyzed
4v4 RM · 4d ago on Sep 27, 2026· 65m 6s· 8 players
Game mode
Random Map
Map size
Large (8 player)
Population
200
Speed
Normal
Resources
Standard
Victory
Conquest
Starting age
Dark Age
Ending age
Imperial Age
RankedLock teamsTeams togetherTeam positionsShared explorationLock speedFull tech treeHidden civsTurbo modeCheats
Victory
Defeat
🇹🇼 Slavs · Taiwan
1038
+14
🇨🇳 Persians · China
1029
+15
🇨🇳 Turks · China
1028
+15
🇦🇷 Bohemians · Argentina
1025
+15
🇦🇺 Franks · Australia
1061
-17
🇮🇩 Celts · Indonesia
981
-14
🇨🇳 Khmer · China
977
-14
🇹🇼 Bohemians · Taiwan
975
-14
玉面狐狸
0:46 Loom
12:01 Feudal Age
16:53 Castle Age
15:28 Double-Bit Axe
17:43 Bow Saw
18:10 Horse Collar
24:24 Wheelbarrow
24:10 Heavy Plow
25:14 Gold Mining
26:28 Hand Cart
27:39 Gold Shaft Mining
30:49 Imperial Age
28:25 Scale Mail Armor
28:35 Forging
28:54 Stone Mining
29:14 Squires
29:30 Fletching
29:42 Padded Archer Armor
30:07 Bodkin Arrow
31:21 Ballistics
30:42 Treadmill Crane
31:25 Leather Archer Armor
31:56 Conscription
32:06 Bombard Tower
33:27 Two-Man Saw
32:48 Arrowslits
33:19 Artillery
33:38 Guard Tower
33:45 Murder Holes
33:49 Elite Janissary
35:08 Ring Archer Armor
35:41 Keep
35:52 Masonry
43:12 Caravan
45:16 Architecture
53:54 Scale Barding Armor
55:08 Chain Barding Armor
55:38 Bloodlines
55:31 Husbandry
57:09 Bracer
61:29 Plate Barding Armor
61:05 Forging
津门酒仙1049
10:45 Feudal Age
15:16 Castle Age
13:51 Double-Bit Axe
13:48 Horse Collar
16:34 Wheelbarrow
23:07 Bow Saw
26:16 Caravan
29:22 Imperial Age
28:18 Hand Cart
28:07 Heavy Plow
30:37 Chemistry
29:57 Ballistics
30:59 Conscription
30:45 Wagenburg Tactics
32:03 Town Watch
32:18 Pikeman
32:58 Squires
34:33 Two-Man Saw
33:19 Halberdier
33:20 Man-at-Arms
34:12 Forging
34:02 Scale Mail Armor
34:43 Guilds
34:07 Houfnice
36:14 Iron Casting
35:54 Chain Mail Armor
37:05 Bombard Tower
37:44 Coinage
38:45 Blast Furnace
38:03 Siege Engineers
38:08 Masonry
39:50 Plate Mail Armor
39:32 Hussite Reforms
39:18 Long Swordsman
39:46 Arson
40:52 Two-Handed Swordsman
44:46 Champion
46:01 Banking
49:30 Architecture
48:55 Murder Holes
monkeyken7414
0:29 Loom
12:22 Feudal Age
18:05 Castle Age
17:22 Double-Bit Axe
17:20 Horse Collar
19:52 Bow Saw
26:11 Heavy Plow
27:49 Wheelbarrow
31:15 Imperial Age
30:22 Gold Mining
30:23 Stone Mining
31:55 Gold Shaft Mining
31:34 Forging
31:29 Scale Barding Armor
31:25 Scale Mail Armor
31:15 Fletching
30:48 Pikeman
31:28 Squires
31:35 Halberdier
32:53 Iron Casting
33:24 Two-Man Saw
33:24 Crop Rotation
34:17 Conscription
33:52 Town Watch
34:35 Chain Mail Armor
34:31 Druzhina
37:05 Blast Furnace
36:29 Husbandry
36:41 Bloodlines
36:54 Hand Cart
37:48 Plate Mail Armor
38:07 Bodkin Arrow
38:33 Chain Barding Armor
42:07 Caravan
43:55 Plate Barding Armor
76561199122638748
11:52 Feudal Age
16:04 Castle Age
14:44 Double-Bit Axe
14:48 Horse Collar
17:09 Bow Saw
17:42 Loom
18:11 Heavy Plow
24:11 Wheelbarrow
25:51 Gold Mining
26:00 Stone Mining
26:36 Hand Cart
27:41 Gold Shaft Mining
27:47 Stone Shaft Mining
31:06 Imperial Age
28:36 Town Watch
29:16 Town Patrol
29:58 Forging
29:53 Scale Barding Armor
32:31 Iron Casting
32:17 Chain Barding Armor
32:39 Conscription
31:40 Elite War Elephant
33:28 Crop Rotation
34:02 Two-Man Saw
33:36 Ballistics
34:16 Chemistry
33:12 Murder Holes
33:19 Devotion
34:11 Citadels
34:37 Hoardings
34:45 Bloodlines
34:35 Husbandry
33:56 Cavalier
36:14 Caravan
36:14 Pikeman
36:55 Squires
36:40 Arson
37:10 Savar
37:34 Halberdier
40:57 Blast Furnace
40:33 Plate Barding Armor
45:19 Scale Mail Armor
45:00 Light Cavalry
47:36 Kamandaran
49:08 Chain Mail Armor
48:25 Hussar
53:46 Faith
53:52 Masonry
57:33 Thumb Ring
56:58 Crossbowman
59:43 Plate Mail Armor
59:03 Fletching
59:14 Padded Archer Armor
Dark_Knight
0:29 Loom
11:45 Feudal Age
16:11 Castle Age
14:35 Double-Bit Axe
14:35 Horse Collar
17:15 Bow Saw
24:09 Wheelbarrow
28:39 Imperial Age
27:47 Scale Mail Armor
27:58 Forging
27:34 Town Watch
29:01 Chain Mail Armor
29:59 Chemistry
30:06 Iron Casting
29:00 Man-at-Arms
30:27 Caravan
30:52 Squires
30:13 Long Swordsman
30:39 Arson
31:01 Two-Handed Swordsman
31:55 Guilds
31:37 Pikeman
33:02 Heavy Plow
33:37 Ballistics
33:30 Masonry
33:55 Wagenburg Tactics
34:18 Conscription
35:22 Blast Furnace
35:42 Plate Mail Armor
34:50 Halberdier
36:01 Champion
36:42 Houfnice
38:07 Town Patrol
39:48 Champion
41:24 Siege Engineers
42:29 Elite Hussite Wagon
43:34 Murder Holes
43:30 Guard Tower
43:33 Fletching
46:09 Keep
45:56 Bombard Tower
45:48 Husbandry
46:23 Bodkin Arrow
47:33 Bracer
48:08 Hand Cart
48:34 Padded Archer Armor
50:57 Architecture
50:14 Arrowslits
51:53 Hussite Reforms
55:40 Heavy Scorpion
56:52 Light Cavalry
大一大万大吉
7:14 Loom
12:54 Feudal Age
16:56 Castle Age
15:04 Double-Bit Axe
15:22 Horse Collar
20:09 Stone Mining
21:28 Wheelbarrow
21:53 Bow Saw
21:57 Heavy Plow
22:49 Hand Cart
23:53 Gold Mining
25:13 Stone Shaft Mining
28:13 Gold Shaft Mining
32:16 Imperial Age
30:02 Fletching
30:15 Padded Archer Armor
30:21 Scale Barding Armor
30:32 Forging
31:16 Tusk Swords
31:52 Leather Archer Armor
31:33 Bodkin Arrow
33:12 Chain Barding Armor
33:36 Crop Rotation
33:33 Conscription
32:40 Elite Ballista Elephant
34:35 Caravan
38:56 Bloodlines
38:47 Husbandry
41:26 Double Crossbow
41:32 Double Crossbow
43:43 Bracer
44:14 Ring Archer Armor
44:22 Plate Barding Armor
44:22 Iron Casting
43:35 Elite Skirmisher
50:36 Cavalier
51:55 Light Cavalry
58:43 Hussar
muhaliefr06
12:19 Feudal Age
13:35 Wheelbarrow
13:22 Double-Bit Axe
13:26 Horse Collar
17:21 Castle Age
18:52 Bow Saw
19:51 Hand Cart
22:44 Stone Mining
22:48 Gold Mining
23:17 Heavy Plow
31:49 Imperial Age
29:07 Loom
29:27 Scale Mail Armor
30:46 Forging
31:38 Chain Mail Armor
31:58 Ballistics
33:39 Gold Shaft Mining
33:41 Stone Shaft Mining
33:37 Conscription
32:59 Pikeman
33:25 Gambesons
34:14 Plate Mail Armor
34:19 Iron Casting
34:16 Masonry
34:09 Caravan
33:59 Heavy Scorpion
34:48 Halberdier
35:15 Arson
36:31 Furor Celtica
36:07 Onager
49:49 Siege Onager
55:56 Cavalier
56:38 Husbandry
56:00 Light Cavalry
56:48 Scale Barding Armor
57:43 Blast Furnace
61:49 Hussar
domiknocker
1:26 Loom
13:17 Feudal Age
19:42 Castle Age
19:18 Gold Mining
20:07 Double-Bit Axe
28:38 Wheelbarrow
31:14 Imperial Age
31:02 Fletching
32:25 Conscription
32:11 Scale Barding Armor
32:17 Forging
32:10 Husbandry
31:30 Cavalier
33:40 Chain Barding Armor
39:05 Crossbowman
40:25 Bow Saw
40:29 Murder Holes
41:32 Elite Skirmisher
42:32 Cranequins
42:33 Heavy Mounted Crossbowman
43:53 Ballistics
44:10 Bodkin Arrow
44:16 Padded Archer Armor
49:56 Onager
51:29 Capped Ram
64:12 Leather Archer Armor
Connection lost

Rejoining the realm…

Still unreachable

The connection could not be restored.

Session expired

The server has moved on; the page needs a fresh start.